 Dungeon Crawl Stone Soup version 0.18-a0-844-g9229740 (webtiles) character file.

561 JokEr the Insei (level 7, -2/49 HPs)
             Began as an Octopode Transmuter on Dec 18, 2015.
             Was a Follower of Cheibriados.
             Shot with an arrow by a centaur (16 damage)
             ... on level 5 of the Dungeon.
             The game lasted 00:15:17 (6136 turns).

JokEr the Insei (Octopode Transmuter)               Turns: 6136, Time: 00:15:17

Health: -2/49      AC:  1    Str: 13    XL:     7   Next: 31%
Magic:  10/10      EV:  7    Int: 20    God:    Cheibriados [*.....]
Gold:   192        SH:  0    Dex: 15    Spells: 2 memorised, 5 levels left

rFire  . . .     SeeInvis .       - Unarmed
rCold  . . .     Gourm    .     (no shield)
rNeg   . . .     Faith    .     (helmet restricted)
rPois  .         Spirit   .     (no amulet)
rElec  .         Dismiss  .     p - ring of protection from magic
rCorr  .         Reflect  .     (no ring)
SustAt .         Harm     .     (no ring)
MR     +....                    (no ring)
Stlth  ++........               (no ring)
                                (no ring)
                                (no ring)
                                (no ring)

@: very slow, somewhat resistant to hostile enchantments, unstealthy
A: almost no armour, amphibious, 8 rings, constrict 8, camouflage 1, gelatinous
body 1
a: Bend Time, Renounce Religion


You were on level 5 of the Dungeon.
You worshipped Cheibriados.
Cheibriados was aware of your devotion.
You were not hungry.

You visited 2 branches of the dungeon, and saw 6 of its levels.

You collected 192 gold pieces.

Inventory:

Missiles
 a - 60 arrows
Jewellery
 p - a ring of protection from magic (left tentacle)
 x - an uncursed amulet of rage
Wands
 w - a wand of cold (8)
Scrolls
 e - 3 scrolls of remove curse
 f - a scroll of amnesia
 m - a scroll of fog
 n - 3 scrolls of enchant weapon
 s - a scroll of identify
Potions
 h - a potion of haste {unknown}
 j - a potion of brilliance {unknown}
 k - a potion of lignification {unknown}
 l - a potion of invisibility {unknown}
 o - a potion of agility {unknown}
 q - 2 potions of poison {unknown}
 t - a potion of degeneration {unknown}
 u - a potion of ambrosia {unknown}
 v - a potion of mutation {unknown}
Books
 b - a book of Changes

   Spells                             Type                      Level
   a - Beastly Appendage              Transmutation                1
   b - Sticks to Snakes               Transmutation                2
   c - Spider Form                    Transmutation/Poison         3
   d - Ice Form                       Ice/Transmutation            4
   e - Blade Hands                    Transmutation                5
Comestibles
 c - 4 bread rations
 d - a fruit
 g - a meat ration
 i - a royal jelly
 r - a beef jerky


   Skills:
 + Level 4.4 Fighting
 - Level 2.0 Dodging
 + Level 5.4 Unarmed Combat
 - Level 2.0 Spellcasting
 - Level 3.1 Transmutations
 + Level 2.8 Ice Magic


You had 5 spell levels left.
You knew the following spells:

 Your Spells              Type           Power        Failure   Level  Hunger
a - Beastly Appendage     Trmt           ##....       4%          1    #......
b - Ice Form              Ice/Trmt       ##......     45%         4    #####..


Dungeon Overview and Level Annotations

Branches:
Dungeon (5/15)             Temple (1/1) D:4

Altars:
Ashenzari
Cheibriados
Dithmenos
Elyvilon
Fedhas
Gozag
Kikubaaqudgha
Makhleb
Nemelex Xobeh
Okawaru
Pakellas
Ru
Sif Muna
Trog
Vehumet
Xom
Zin
The Shining One


Innate Abilities, Weirdness & Mutations

You cannot wear most types of armour.
You are amphibious.
You can wear up to eight rings at the same time.
You can use your tentacles to constrict eight enemies at once.
Your skin changes colour to match your surroundings (Stealth).
Your rubbery body absorbs attacks (AC +1).


Message History

Evoke which item? (* to show all) (? for menu, Esc to quit)
Okay, then.
Your transformation is almost over.
Your tentacle spike disappears.
The centaur shouts!
The centaur wields a shortbow.
The centaur shoots an arrow.
The arrow hits you.
The centaur shoots an arrow.
The arrow closely misses you.
You see here 2 arrows.
The centaur shoots an arrow.
The arrow barely misses you.
The centaur shoots an arrow.
The arrow closely misses you.
The centaur shoots an arrow.
The arrow hits you!
You see here 4 arrows.
The centaur shoots an arrow.
The arrow hits you!
* * * LOW HITPOINT WARNING * * *
You see here an arrow.
The centaur shoots an arrow.
The arrow completely misses you.
There is a stone staircase leading down here.
You see here an arrow.
The centaur shoots an arrow.
The arrow hits you!
You die...

#### #...
...########... #
##.#..........
..#.............
#.#..#..........
#.#...#######...
#......## #....
#######
###.......#
#.... .......
#@.......##
#.... ..%....
#.#.#...## #....
.c.....
#.#....##
####....
.......##(####.#
#.......
...c....c......#
#.##.#.#
...............#
#.......
..........######
#.#.....
###########
######.......
#......#.###.


You could see a centaur.

Vanquished Creatures
  2 hounds
  2 orc priests
  A giant frog zombie (D:5)
  An iguana (D:5)
  2 centaur skeletons
  4 worker ants
  2 orc wizards (D:4)
  8 adders
  A gnoll (D:1)
  An ooze (D:4)
  2 worms (D:4)
  5 giant geckos
  10 orcs
  2 bats
  4 goblins
  3 hobgoblins
  10 jackals
  11 kobolds
  A quokka (D:5)
  7 ball pythons
  6 giant cockroaches
  A giant gecko skeleton (D:5)
  4 giant newts
  A jackal skeleton (D:5)
  6 rats
  A butterfly (D:4)
98 creatures vanquished.

Notes
Turn   | Place    | Note
--------------------------------------------------------------
     0 | D:1      | JokEr the Octopode Transmuter began the quest for the Orb.
     0 | D:1      | Reached XP level 1. HP: 13/13 MP: 3/3
   518 | D:1      | Reached XP level 2. HP: 18/18 MP: 3/5
   814 | D:1      | Reached XP level 3. HP: 24/24 MP: 4/6
  1301 | D:1      | You fall through a shaft!
  2037 | D:2      | Found a faded altar to an unknown god.
  2376 | D:2      | Reached XP level 4. HP: 29/29 MP: 5/7
  2919 | D:3      | Reached skill level 4 in Unarmed Combat
  3190 | D:3      | Found a radiant altar of Vehumet.
  3201 | D:3      | Found a shattered altar of Ashenzari.
  3486 | D:4      | Found a staircase to the Ecumenical Temple.
  3571 | Temple   | Entered the Ecumenical Temple
  3792 | Temple   | Became a worshipper of Cheibriados the Contemplative
  3863 | D:4      | Reached XP level 5. HP: 14/36 MP: 6/8
  4160 | D:4      | Learned a level 4 spell: Ice Form
  4573 | D:4      | Reached skill level 1 in Ice Magic
  4722 | D:4      | Found a shattered altar of Ashenzari.
  4760 | D:4      | Reached XP level 6. HP: 28/42 MP: 7/9
  5100 | D:4      | Reached * piety under Cheibriados
  5179 | D:4      | Reached skill level 5 in Unarmed Combat
  5658 | D:5      | Entered Level 5 of the Dungeon
  5686 | D:5      | Reached XP level 7. HP: 45/48 MP: 8/10
  5752 | D:5      | Found a bloodstained altar of Trog.
  5752 | D:5      | Found an opulent altar of Gozag.
  5760 | D:5      | Found an oddly glowing altar of Pakellas.
  5760 | D:5      | Found a glowing golden altar of the Shining One.
  6136 | D:5      | Shot with an arrow by a centaur

Vault maps used:
D:1:      dpeg_arrival_chambers_temple_mockup
D:2:      ecumenical_altar_1, due_unseen_surprise
D:3:      nicolae_overflow_hidden_temple, first_bread, minmay_misc_feat_columns,
          hangedman_decor_growths, ashenzari_altar_1
D:4:      lemuel_coloured_pillars_altar, minmay_temple_entry_butterflies,
          grunt_ministairs_3, minmay_snake_closets
D:5:      grunt_temple_overflow_open
Temple:   oiseaux_autumnal_temple_12

Action                   |  1- 3 |  4- 6 |  7- 9 || total
-------------------------+-------+-------+-------++-------
Melee: Unarmed           |    77 |   158 |    16 ||   251
 Cast: Beastly Appendage |    28 |    38 |     6 ||    72
  Use: Scroll            |       |     9 |     1 ||    10
       Potion            |       |     2 |       ||     2
 Stab: Sleeping          |     6 |     3 |     1 ||    10
  Eat: Bread ration      |     1 |     1 |       ||     2
       Chunk             |       |     4 |       ||     4
       Pizza             |       |     1 |       ||     1
       Fruit             |       |     2 |       ||     2
